 Dungeon Crawl Stone Soup version 0.24.0-123-gd5b16e6ec5 (webtiles) character file.

Game seed: 10849319922179595978, levelgen mode: deterministic

333 Bergy the Cudgeler (level 6, -2/37 HPs)
             Began as a Gargoyle Fighter on Dec 22, 2019.
             Killed by divine providence
             ... invoked by an orc priest
              (11 damage)
             ... on level 4 of the Dungeon.
             The game lasted 00:09:43 (2996 turns).

Bergy the Cudgeler (Gargoyle Fighter)               Turns: 2996, Time: 00:09:44

Health: -2/37      AC: 11    Str: 22    XL:     6   Next: 53%
Magic:  6/6        EV:  7    Int:  8    God:
Gold:   158        SH:  9    Dex:  9    Spells: 5/5 levels left

rFire    . . .     SeeInvis .   a - +0 flail
rCold    . . .     Gourm    .   c - +0 shield
rNeg     + . .     Faith    .   b - +0 scale mail
rPois    ∞         Spirit   .   (no helmet)
rElec    +         Reflect  .   (no cloak)
rCorr    .         Harm     .   (no gloves)
MR       .....                  (no boots)
Stlth    ..........             (no amulet)
HPRegen  0.12/turn              (no ring)
MPRegen  0.10/turn              (no ring)

@: no status effects
A: negative energy resistance 1, electricity resistance, unbreathing,
petrification resistance, rot immunity, AC +4
a: no special abilities


You were on level 4 of the Dungeon.
You were not hungry.

You visited 1 branch of the dungeon, and saw 4 of its levels.

You collected 158 gold pieces.

Inventory:

Hand Weapons
 a - a +0 flail (weapon)
Armour
 b - a +0 scale mail (worn)
 c - a +0 shield (worn)
 i - a cursed +0 large shield
 n - a +0 hat
Jewellery
 j - an uncursed amulet of faith {unknown}
Scrolls
 e - a scroll of noise {unknown}
 g - 2 scrolls of fog {unknown}
 p - a scroll of amnesia {unknown}
Potions
 d - 2 potions of might
 h - a potion of brilliance {unknown}
 k - a potion of resistance {unknown}
 m - 2 potions of flight {unknown}
 o - 2 potions of curing {unknown}
 q - a potion of berserk rage {unknown}
Comestibles
 f - 8 rations
 l - 5 chunks of flesh


   Skills:
 - Level 3.2 Fighting
 * Level 6.7 Maces & Flails
 - Level 3.2 Armour
 - Level 3.2 Shields


You had 5 spell levels left.
You didn't know any spells.
Your spell library was empty.

Dungeon Overview and Level Annotations

Branches:
Dungeon (4/15)
 Temple: D:4-7

Altars:
Cheibriados
Elyvilon
Trog
Vehumet
Wu Jian
Zin
The Shining One


Innate Abilities, Weirdness & Mutations

You are resistant to torment.
Your stone body is resilient. (AC +4)
You are immune to poison.
You resist negative energy. (rN+)
You are resistant to electric shocks. (rElec)
You can survive without breathing.
You are immune to petrification.
You are immune to rotting.


Message History

The orc priest shouts!
You hear a shout!
An orc priest comes into view.
The orc priest shouts!
There is a stone staircase leading up here.
You sock the orc priest!
The orc priest is heavily wounded.
The orc priest calls down the wrath of Beogh upon you.
Beogh smites you!
Your shield and scale mail prevent you from hitting the orc priest.
The orc priest is heavily wounded.
The orc priest hits you but does no damage.
You hit the orc priest.
The orc priest is almost dead.
The orc priest hits you but does no damage.
The orc priest calls down the wrath of Beogh upon you.
Beogh smites you!
* * * LOW HITPOINT WARNING * * *
The orc priest calls down the wrath of Beogh upon you.
Beogh smites you!
You die...

#####.###
#.o.o(..#
#.#.....#
#@#.#o.o#
#.#.#
#...
###.# #.
.. ##


You could see an orc priest.

Vanquished Creatures
  An orc wizard (D:3)
  An orc priest (D:3)
  Jessica (D:3)
  Natasha (thrice) (D:3)
  8 adders
  An ooze (D:3)
  2 worms (D:2)
  2 dart slugs (D:1)
  3 leopard geckos
  7 orcs (D:3)
  2 ball pythons (D:1)
  6 giant cockroaches
  7 goblins
  8 hobgoblins
  10 jackals
  3 kobolds
  2 quokkas
  5 bats
  3 frilled lizards
  9 rats
84 creatures vanquished.

Notes
Turn   | Place    | Note
-------+----------+-------------------------------------------
     0 | D:1      | Bergy the Gargoyle Fighter began the quest for the Orb.
     0 | D:1      | Reached XP level 1. HP: 14/14 MP: 1/1
   115 | D:1      | Reached XP level 2. HP: 18/19 MP: 2/2
   283 | D:1      | Reached skill level 3 in Maces & Flails
   550 | D:1      | Reached XP level 3. HP: 23/23 MP: 3/3
  1023 | D:2      | Reached skill level 4 in Maces & Flails
  1026 | D:2      | Reached XP level 4. HP: 12/28 MP: 4/4
  1314 | D:2      | Found a glowing golden altar of the Shining One.
  1344 | D:2      | Found a glowing silver altar of Zin.
  1344 | D:2      | Found an ornate altar of the Wu Jian Council.
  1344 | D:2      | Found a white marble altar of Elyvilon.
  1344 | D:2      | Found a snail-covered altar of Cheibriados.
  1752 | D:2      | Found a radiant altar of Vehumet.
  1970 | D:3      | Reached skill level 5 in Maces & Flails
  1970 | D:3      | Reached XP level 5. HP: 28/32 MP: 5/5
  2314 | D:3      | Noticed Jessica
  2318 | D:3      | Killed Jessica
  2436 | D:3      | Noticed Natasha
  2445 | D:3      | Killed Natasha
  2445 | D:3      | Reached skill level 6 in Maces & Flails
  2445 | D:3      | Reached XP level 6. HP: 35/37 MP: 6/6
  2489 | D:3      | Noticed Natasha
  2509 | D:3      | Killed Natasha
  2731 | D:3      | Noticed Natasha
  2741 | D:3      | Killed Natasha
  2886 | D:3      | Found a bloodstained altar of Trog.
  2996 | D:4      | Killed from afar by an orc priest

Levels and vault maps discovered:
D:1:      matt_arrival_spirals, layout_basic
D:2:      layout_rooms, chequers_temple_overflow_statue_of_worship,
          nicolae_overflow_hidden_temple, hangedman_decor_growths
D:3:      layout_loops_ring, first_ration, trog_butcher_becter, uniq_natasha,
          uniq_jessica
D:4:      layout_basic, uniq_menkaure

Skill      XL: |  1  2  3  4  5 |
---------------+----------------+-----
Maces & Flails | 3 4 5 6 |  6.7
Fighting       | |  3.2
Armour         | |  3.2
Shields        | |  3.2

Action                   |  1- 3 |  4- 6 || total
-------------------------+-------+-------++-------
Melee: Flail             |   128 |   239 ||   367
 Stab: Distracted        |       |     1 ||     1
  Eat: Chunk             |     1 |     6 ||     7
Armor: Scale mail        |    69 |    87 ||   156
Dodge: Dodged            |    44 |    60 ||   104
Block: Shield            |    89 |    92 ||   181
